 Dungeon Crawl Stone Soup version 0.17-a0-1997-ga88ed7d (webtiles) character file.

721 Ordine the Skirmisher (level 7, -2/53 HPs)
             Began as an Octopode Fighter on Oct 8, 2015.
             Killed by nerve-wracking pain
             ... invoked by Menkaure
              (8 damage)
             ... on level 5 of the Dungeon.
             The game lasted 00:10:06 (4889 turns).

Ordine the Skirmisher (Octopode Fighter)            Turns: 4889, Time: 00:10:06

Health: -2/53      AC:  1    Str: 15    XL:     7   Next: 70%
Magic:  7/7        EV: 15    Int: 10    God:
Gold:   286        SH:  9    Dex: 14    Spells: 0 memorised, 6 levels left

rFire  . . .     SeeInvis +     a - +1 long sword
rCold  . . .     Clarity  .     b - +0 shield
rNeg   . . .     SustAt   .     (helmet restricted)
rPois  .         Gourm    .     (no amulet)
rElec  .         Spirit   .     r - ring of see invisible
rCorr  .         Warding  .     n - +4 ring of evasion
rMut   .         Stasis   .     (no ring)
MR     .....                    (no ring)
Stlth  ++........               (no ring)
                                (no ring)
                                (no ring)
                                (no ring)

@: not resistant to hostile enchantments, unstealthy
A: almost no armour, amphibious, 8 rings, constrict 8, camouflage 1, gelatinous
body 1
a: no special abilities


You were on level 5 of the Dungeon.
You were very hungry.

You visited 1 branch of the dungeon, and saw 5 of its levels.

You collected 286 gold pieces.

Inventory:

Hand Weapons
 a - a +1 long sword (weapon)
Missiles
 f - 101 stones
 k - 15 poisoned needles
 t - 8 tomahawks (quivered)
Armour
 b - a +0 shield (worn)
Jewellery
 n - a +4 ring of evasion (right tentacle)
 r - a ring of see invisible (left tentacle)
Scrolls
 e - 2 scrolls of remove curse
 h - a scroll of amnesia
 v - a scroll of teleportation
Potions
 c - a potion of lignification {unknown}
 g - a potion of haste
 j - 2 potions of invisibility
 l - 3 potions of curing
 p - 3 potions of flight
 s - 2 potions of ambrosia
 u - a potion of magic {unknown}
Comestibles
 d - 4 bread rations
 i - a slice of pizza
 m - 3 meat rations
 o - 2 royal jellies
 w - 2 beef jerkies


   Skills:
 + Level 6.4 Fighting
 + Level 6.2 Long Blades
 - Level 3.0 Dodging
 - Level 3.0 Shields


You had 6 spell levels left.
You didn't know any spells.

Dungeon Overview and Level Annotations

Branches:
Dungeon (5/15)
 Temple: D:4-7

Altars:
Fedhas
Kikubaaqudgha
Makhleb
Sif Muna
Vehumet
Xom

Annotations:
D:5 Menkaure


Innate Abilities, Weirdness & Mutations

You cannot wear most types of armour.
You are amphibious.
You can wear up to eight rings at the same time.
You can use your tentacles to constrict eight enemies at once.
Your skin changes colour to match your surroundings (Stealth).
Your rubbery body absorbs attacks (AC +1).


Message History

There is an open door here.
Menkaure casts a spell.
Menkaure seems to speed up.
Menkaure casts a spell at you. Pain shoots through your body!
* * * LOW HITPOINT WARNING * * *
Unknown command.
There is an open door here.
Something unseen opens the door.
Menkaure calls on the powers of darkness!
Your body is wracked with pain!
* * * LOW HITPOINT WARNING * * *
There is an open door here.
Menkaure calls on the powers of darkness!
Your body is wracked with pain!
* * * LOW HITPOINT WARNING * * *
You open the door.
Menkaure points at you and mumbles some strange words.
Pain shoots through your body!
You die...

.. ##'##..##.##...###.##.... .>
#..##...#.#.....#...+.... #.
#..+....'.'.....'...#....
##.##..##..##.###'####+##....
..+...##'###.##...##..###+##
#.##..##.M............##..>.
..####^##..####'#####.###+###...+
.......!...##...#####.###..##...#
................@.....'....####'#
#.#####+##.###+###'#######'##...#
#####.##'##..###.#######.##....
#.)....'.+.....................
##.##.##########<.##..#..####..
####.#######################.)
#........+..# #....'..
##..##...#..# #....#.#
##..##..#...###########'##..


You could see Menkaure.

Vanquished Creatures
  Grinder (D:3)
  Edmund (D:5)
  An ice beast (D:5)
  A scorpion (D:5)
  Crazy Yiuf (D:3)
  3 worker ants (D:4)
  An iguana (D:4)
  An orc wizard (D:3)
  A hound skeleton (D:4)
  4 adders
  2 worms (D:3)
  A giant gecko (D:3)
  6 orcs
  2 bats
  7 giant cockroaches
  4 goblins
  5 hobgoblins
  3 jackals (D:4)
  3 kobolds
  4 giant newts
  7 rats
59 creatures vanquished.

Vanquished Creatures (others)
  3 fungi (D:3)
3 creatures vanquished.

Grand Total: 62 creatures vanquished

Notes
Turn   | Place    | Note
--------------------------------------------------------------
     0 | D:1      | Ordine the Octopode Fighter began the quest for the Orb.
     0 | D:1      | Reached XP level 1. HP: 16/16 MP: 1/1
   156 | D:1      | Reached XP level 2. HP: 10/21 MP: 2/2
   821 | D:2      | Found a radiant altar of Vehumet.
   865 | D:2      | Reached XP level 3. HP: 26/26 MP: 3/3
  1183 | D:2      | Found a burning altar of Makhleb.
  1183 | D:2      | Found a shimmering altar of Xom.
  2143 | D:3      | Reached XP level 4. HP: 28/33 MP: 4/4
  2536 | D:3      | Noticed Grinder
  2541 | D:3      | Paralysed by Grinder for 5 turns
  2548 | D:3      | Killed Grinder
  2548 | D:3      | Reached skill level 5 in Fighting
  2548 | D:3      | Reached XP level 5. HP: 7/39 MP: 5/5
  2548 | D:3      | Reached XP level 6. HP: 8/45 MP: 6/6
  3173 | D:3      | Noticed Crazy Yiuf
  3252 | D:3      | Killed Crazy Yiuf
  3252 | D:3      | Reached skill level 5 in Long Blades
  3831 | D:4      | Reached XP level 7. HP: 37/51 MP: 7/7
  4118 | D:4      | Found a blossoming altar of Fedhas.
  4118 | D:4      | Found an ancient bone altar of Kikubaaqudgha.
  4236 | D:5      | Entered Level 5 of the Dungeon
  4291 | D:5      | Reached skill level 6 in Fighting
  4367 | D:5      | Found a deep blue altar of Sif Muna.
  4415 | D:5      | Noticed Edmund
  4426 | D:5      | Killed Edmund
  4870 | D:5      | Noticed Menkaure
  4889 | D:5      | Killed from afar by Menkaure

Vault maps used:
D:1:      matt_arrival_grand_opening
D:2:      minitemple, lemuel_crystal_altar
D:3:      uniq_grinder, uniq_crazy_yiuf_cottage
D:4:      grunt_temple_overflow_growth_and_decay, first_bread,
          hangedman_glass_teeth, kennysheep_generic_room_8
D:5:      lemuel_round_altar, temple_hall, uniq_menkaure, uniq_edmund

Action                   |  1- 3 |  4- 6 |  7- 9 || total
-------------------------+-------+-------+-------++-------
Melee: Long sword        |    47 |    57 |    28 ||   132
Throw: Stone             |       |     2 |     4 ||     6
  Use: Scroll            |    10 |     2 |     3 ||    15
       Potion            |       |     2 |     1 ||     3
 Stab: Sleeping          |     9 |     4 |     3 ||    16
       Invisible         |       |       |     1 ||     1
  Eat: Chunk             |     3 |     6 |     2 ||    11
